 Dungeon Crawl Stone Soup version 0.30.1-1-g62c8e00024 (webtiles) character file.

Game seed: 14000893394643432563

26 Gorgoleon the Slasher (level 3, 0/27 HPs)
             Began as a Merfolk Gladiator on July 17, 2023.
             Slain by an orc
             ... wielding a +0 trident
              (8 damage)
             ... on level 2 of the Dungeon.
             The game lasted 00:02:01 (1123 turns).

Gorgoleon the Slasher (Merfolk Gladiator)           Turns: 1123, Time: 00:02:02

Health: 0/27       AC:  4    Str: 16    XL:     3   Next: 8%
Magic:  3/3        EV: 13    Int:  7    God:
Gold:   87         SH:  0    Dex: 15    Spells: 2/2 levels left

rFire   . . .        a - +0 long sword
rCold   . . .        (no shield)
rNeg    . . .        b - +0 leather armour
rPois   .            c - +0 helmet
rElec   .            (no cloak)
rCorr   .            (no gloves)
SInv    .            (no boots)
Will    .....        (no amulet)
Stlth   +            (no ring)
HPRegen 0.24/turn    (no ring)
MPRegen 0.08/turn

%: no passive effects
@: no status effects
A: (nimble swimmer 2), mertail
a: no special abilities


You were on level 2 of the Dungeon.
You visited 1 branch of the dungeon, and saw 2 of its levels.

You collected 87 gold pieces.

Inventory:

Hand Weapons
 a - a +0 long sword (weapon)
Missiles
 d - 3 throwing nets
 e - a javelin
 g - 5 stones (quivered)
Armour
 b - a +0 leather armour (worn)
 c - a +0 helmet (worn)
Jewellery
 j - a ring of protection from fire
Scrolls
 f - a scroll of vulnerability {unknown}
 k - a scroll of noise {unknown}
Potions
 h - a potion of attraction {unknown}
 i - a potion of degeneration {unknown}
 l - a potion of curing {unknown}
 m - a potion of heal wounds {unknown}


   Skills:
 + Level 2.2 Fighting
 + Level 4.7 Long Blades
 - Level 2.0 Throwing
 * Level 0.5 Armour
 - Level 4.0 Dodging


You had 2 spell levels left.
You didn't know any spells.
Your spell library was empty.

Dungeon Overview and Level Annotations

Branches:
Dungeon (2/15)

Altars:


Innate Abilities, Weirdness & Mutations

((You are very nimble when in or above water. (Stealth+, EV+, Speed+++)))
Your lower body shifts to a powerful aquatic tail in water.


Message History

An orc priest comes into view. It is wielding a +0 club.
You hit the orc but do no damage. The orc hits you with a +0 club.
An orc comes into view. It is wielding a +0 trident.
You closely miss the orc. The orc hits you with a +0 club.
The orc priest shouts!
You hit the orc.
The orc is almost dead.
The orc misses you.
You hit the orc but do no damage.
The orc is almost dead.
The orc hits you with a +0 club.
You slash the orc!
You kill the orc!
You have reached level 3!
Your experience leads to an increase in your attributes!
Increase (S)trength, (I)ntelligence, or (D)exterity?
You feel stronger. x2
You barely miss the orc. The orc closely misses you.
The orc priest begins to cast a cantrip, but forgets the words!
The orc closely misses you.
The orc priest miscasts a cantrip.
You hit the orc but do no damage.
The orc hits you from afar with a +0 trident.
The orc hits you with a +0 dagger.
You hit the orc.
The orc is almost dead.
The orc barely misses you. x2
You barely miss the orc.
The orc is almost dead.
The orc misses you. The orc hits you with a +0 dagger.
You hit the orc.
You kill the orc!
The orc hits you but does no damage.
You hit the orc but do no damage.
The orc hits you from afar with a +0 trident.
The orc hits you with a +0 club.
* * * LOW HITPOINT WARNING * * *
The orc closely misses you.
The orc hits you from afar with a +0 trident!
You die...

..#........... #.#
..#........... #.#
###........... #.#
....#####..... #.#
##### ..... #.# ....
#.# #### #.#
####################.#
.....<.oo@..>........#
...$...o##.###########
........##.#
.......###.# ##...##
#.# ..... ..# ...# ###
o##


You could see an orc priest and 2 orcs.

Vanquished Creatures
  A dart slug (D:1)
  2 orcs (D:2)
  An endoplasm (D:1)
  2 giant cockroaches (D:1)
  A goblin (D:1)
  A hobgoblin (D:1)
  3 jackals (D:2)
  A kobold (D:1)
  A quokka (D:1)
  A ball python (D:1)
  3 bats
  A frilled lizard (D:1)
  2 rats (D:1)
20 creatures vanquished.

Notes
Turn   | Place    | Note
-------+----------+-------------------------------------------
     0 | D:1      | Gorgoleon the Merfolk Gladiator began the quest for the
                  | Orb.
     0 | D:1      | Reached XP level 1. HP: 16/16 MP: 1/1
   197 | D:1      | Reached XP level 2. HP: 22/22 MP: 2/2
  1118 | D:2      | Reached XP level 3. HP: 18/27 MP: 3/3
  1123 | D:2      | Slain by an orc

Illustrated notes

Levels and vault maps discovered:
D:1:      dpeg_arrival_pond, layout_basic, amcnicky_mini_corridor_feature,
          chequers_avenue, nicolae_figureground_sparkle
D:2:      layout_basic, dreamdust_ecumenical_altar_hidden_monk_grotto,
          serial_shops, shop

Skill      XL: |  1 |
---------------+----+-----
Long Blades    | 4 |  4.7
Fighting       | |  2.2
Throwing       | |  2.0
Armour         | |  0.5
Dodging        | |  4.0

Action                     || total
---------------------------++-------
  Melee: Long sword        ||    66
 Armour: Leather armour    ||    24
  Dodge: Dodged            ||    50
